 Dungeon Crawl Stone Soup version 0.17-a0-411-gd4fac0c (console) character file.

38 HyperMorgan the Slasher (level 3, -1/24 HPs)
             Began as a High Elf Warper on Apr 2, 2015.
             Slain by a quokka (4 damage)
             ... on level 2 of the Dungeon.
             The game lasted 00:03:34 (982 turns).

HyperMorgan the Slasher (High Elf Warper)            Turns: 982, Time: 00:03:34

Health: -1/24      AC:  3    Str: 11    XL:     3   Next: 25%
Magic:  4/6        EV: 12    Int: 16    God:
Gold:   23         SH:  0    Dex: 15    Spells: 3 memorised, 1 level left

rFire  . . .     SeeInvis .     a - +0 falchion
rCold  . . .     Clarity  .     b - +0 leather armour
rNeg   . . .     SustAb   .     (no shield)
rPois  .         Gourm    .     (no helmet)
rElec  .         Spirit   .     (no cloak)
rCorr  .         Warding  .     (no gloves)
rMut   .         Stasis   .     (no boots)
MR     .....                    (no amulet)
Stlth  +.........               (no ring)
                                (no ring)

@: very slightly contaminated, not resistant to hostile enchantments, very
unstealthy
A: no striking features
a: no special abilities


You were on level 2 of the Dungeon.
You were not hungry.

You visited 1 branch of the dungeon, and saw 2 of its levels.

You collected 23 gold pieces.

Inventory:

Hand weapons
 a - a +0 falchion (weapon)
Missiles
 e - 5 tomahawks of dispersal (quivered)
 h - 7 javelins
 l - 16 poisoned needles
 n - 38 arrows
Armour
 b - a +0 leather armour (worn)
Jewellery
 k - an uncursed amulet of resist mutation {unknown}
Scrolls
 d - 3 scrolls of blinking
 g - a scroll of random uselessness {unknown}
 m - a scroll of magic mapping {unknown}
 p - a scroll of identify {unknown}
Potions
 i - a potion of magic {unknown}
 o - a potion of beneficial mutation {unknown}
Books
 c - a book of Spatial Translocations

   Spells                             Type                      Level
   a - Apportation                    Translocation                1
   b - Blink                          Translocation                2
   c - Shroud of Golubria             Charms/Translocation         2
   d - Portal Projectile              Translocation                3
   e - Teleport Other                 Translocation                3
   f - Passage of Golubria            Translocation                4
Comestibles
 f - a bread ration
 j - 2 chunks of flesh


   Skills:
 - Level 2.0 Fighting
 + Level 4.5 Long Blades
 - Level 1.1 Throwing
 - Level 0.8 Armour
 - Level 2.1 Dodging
 - Level 2.4 Spellcasting
 - Level 3.2 Translocations


You had one spell level left.
You knew the following spells:

 Your Spells              Type           Power        Failure   Level  Hunger
a - Apportation           Tloc           ##........   10%         1    #......
b - Blink                 Tloc           N/A          12%         2    ###....
c - Shroud of Golubria    Chrm/Tloc      #.........   21%         2    ###....


Dungeon Overview and Level Annotations

Branches:
Dungeon (2/15)

Altars:


Message History

A quokka comes into view.
You see here 12 gold pieces.
You now have 23 gold pieces (gained 12).
The quokka bites you.
You barely miss the quokka. The quokka closely misses you.
You closely miss the quokka. The quokka barely misses you.
You barely miss the quokka.
The quokka bites you but does no damage.
The quokka closely misses you.
You closely miss the quokka. The quokka closely misses you.
You miss the quokka. The quokka bites you.
You closely miss the quokka.
The quokka twitches its whiskers.
The quokka bites you. x2
* * * LOW HITPOINT WARNING * * *
Cast which spell? (? or * to list)
You miscast Blink.
You are very lightly contaminated with residual magic.
Nothing appears to happen.
The quokka bites you.
You die... 8∙∙∙8▒▒ ▒∙ ∙∙∙∙∙∙▒▒▒▒∙∙∙ ▒ ∙ ∙∙∙∙∙∙>▒∙▒∙▒ ▒▒∙∙ ∙∙∙∙∙∙▒▒∙∙∙▒▒ ∙∙∙∙▒∙ ∙8∙∙∙8▒▒∙▒▒▒▒ ∙∙∙∙∙∙ ▒▒8▒ ▒∙∙∙∙∙ ∙∙∙∙∙∙▒▒▒▒▒▒▒▒▒▒▒▒▒∙∙∙∙∙ ∙∙∙∙$∙∙∙∙∙∙∙∙∙∙∙∙∙∙∙∙∙∙▒∙ ∙∙∙∙∙∙∙re∙∙∙∙∙∙∙∙∙∙∙∙∙∙∙∙

∙∙∙∙∙∙∙∙∙∙∙∙∙∙∙∙∙∙∙∙∙∙∙∙▒
∙∙∙∙∙∙∙∙∙∙∙∙∙∙∙∙∙▒∙∙∙(∙∙▒
∙∙∙∙∙∙∙∙∙∙∙∙∙∙∙∙∙∙∙∙∙∙∙▒
▒∙∙∙∙∙∙)∙∙∙∙∙∙>∙∙∙∙∙∙(▒▒
▒∙<∙∙∙∙∙∙∙∙∙∙∙∙∙∙∙(▒▒∙<(
∙∙∙∙∙∙∙∙∙∙∙∙∙%∙▒▒∙▒▒▒▒▒
∙∙∙∙∙∙∙∙∙∙∙∙∙∙▒▒∙∙∙
▒▒▒▒▒▒▒▒▒▒▒▒▒▒▒▒∙▒▒


You could see a quokka.

Vanquished Creatures
  A giant gecko (D:1)
  A ball python (D:1)
  5 bats (D:1)
  A giant cockroach (D:1)
  8 hobgoblins
  3 kobolds
  3 giant newts (D:1)
  8 goblins
  5 rats
  2 toadstools (D:1)
37 creatures vanquished.

Vanquished Creatures (others)
  2 toadstools (D:1)
2 creatures vanquished.

Grand Total: 39 creatures vanquished

Notes
Turn   | Place    | Note
--------------------------------------------------------------
     0 | D:1      | HyperMorgan, the High Elf Warper, began the quest for the Orb.
     0 | D:1      | Reached XP level 1. HP: 14/14 MP: 4/4
    97 | D:1      | Reached XP level 2. HP: 19/19 MP: 5/5
   107 | D:1      | Learned a level 2 spell: Blink
   110 | D:1      | Learned a level 2 spell: Shroud of Golubria
   359 | D:1      | Reached skill level 4 in Long Blades
   512 | D:1      | Reached XP level 3. HP: 21/24 MP: 6/6
   982 | D:2      | Slain by a quokka

Action                   || total
-------------------------++-------
Melee: Falchion          ||   113
